 Dungeon Crawl Stone Soup version 0.27.1-33-g824d729ab1 (webtiles) character file.

Game seed: 710881348215276703

152 zeram the Caller (level 5, -2/37 HPs)
             Began as a Gnoll Summoner on Dec 14, 2021.
             Slain by a hobgoblin (3 damage)
             ... on level 3 of the Dungeon.
             The game lasted 00:08:17 (3124 turns).

zeram the Caller (Gnoll Summoner)                   Turns: 3124, Time: 00:08:17

Health: -2/37      AC:  3    Str:  7    XL:     5   Next: 34%
Magic:  4/12       EV: 13    Int: 15    God:
Gold:   55         SH:  0    Dex: 13    Spells: 5/14 levels left

rFire    . . .     SeeInvis .   e - +2 flail (holy)
rCold    . . .     Faith    .   (no shield)
rNeg     . . .     Spirit   .   a - +1 robe
rPois    .         Reflect  .   (no helmet)
rElec    .         Harm     .   (no cloak)
rCorr    .         Rampage  .   (no gloves)
Will     .....                  (no boots)
Stlth    +++.......             (no amulet)
HPRegen  0.12/turn              (no ring)
MPRegen  0.13/turn              (no ring)

@: no status effects
A: fangs 1, strong nose, distributed training
a: no special abilities


You were on level 3 of the Dungeon.
You visited 1 branch of the dungeon, and saw 3 of its levels.

You collected 55 gold pieces.

Inventory:

Hand Weapons
 b - a +0 short sword of speed
 e - a +2 flail of holy wrath (weapon)
Missiles
 c - a throwing net
Armour
 a - a +1 robe (worn)
Jewellery
 g - an amulet of faith
Scrolls
 d - a scroll of identify {unknown}


   Skills:
 + Level 1.4 Fighting
 + Level 1.4 Short Blades
 + Level 1.4 Long Blades
 + Level 1.4 Axes
 + Level 1.4 Maces & Flails
 + Level 1.4 Polearms
 + Level 1.4 Staves
 + Level 1.4 Slings
 + Level 1.4 Bows
 + Level 1.4 Crossbows
 + Level 1.4 Throwing
 + Level 1.4 Armour
 + Level 4.8 Dodging
 + Level 4.4 Stealth
 + Level 1.4 Shields
 + Level 1.4 Unarmed Combat
 + Level 5.2 Spellcasting
 + Level 1.1 Conjurations
 + Level 1.1 Hexes
 + Level 7.2 Summonings
 + Level 1.1 Necromancy
 + Level 1.1 Translocations
 + Level 1.1 Transmutations
 + Level 1.1 Fire Magic
 + Level 1.1 Ice Magic
 + Level 1.1 Air Magic
 + Level 1.1 Earth Magic
 + Level 1.1 Poison Magic
 + Level 1.6 Invocations
 + Level 1.4 Evocations


You had 5 spell levels left.
You knew the following spells:

 Your Spells              Type           Power      Damage    Failure   Level
a - Summon Small Mammal   Summ           100%       N/A       1%          1
b - Call Imp              Summ           25%        N/A       1%          2
c - Call Canine Familiar  Summ           25%        N/A       2%          3
d - Vampiric Draining     Necr           3%         2d6       30%         3

Your spell library contained the following spells:

 Spells                   Type           Power      Damage    Failure   Level
 Summon Guardian Golem    Hex/Summ       16%        N/A       9%          3
 Shock                    Conj/Air       28%        1d4       10%         1
 Slow                     Hex            7%         N/A       16%         2
 Summon Lightning Spire   Summ/Air       16%        N/A       28%         4
 Confusing Touch          Hex            7%         N/A       30%         3
 Hailstorm                Conj/Ice       7%         3d4       69%         4
 Irradiate                Conj/Tmut      3%         3d14      95%         5
 Shatter                  Erth           3%         3d7*      100%        9


Dungeon Overview and Level Annotations

Branches:
Dungeon (3/15)

Altars:
Sif Muna


Innate Abilities, Weirdness & Mutations

You have very sharp teeth.
Your uncanny sense of smell can sniff out nearby items.
Your experience applies equally to all skills.


Message History

Unknown command.
The orc priest mumbles some strange prayers to Beogh against you.
Pain shoots through your body!
* * * LOW HITPOINT WARNING * * *
As you read the scroll of teleportation, it crumbles to dust.
You feel strangely unstable. The orc priest closely misses you.
Your surroundings suddenly seem different. 3 goblins and a hobgoblin come into view.
The goblin shouts!
The hobgoblin shouts!
Something unseen opens the door.
The goblin shoots a stone.
The stone barely misses you.
You hear a shout! x3
A goblin comes into view. It is wielding a +0 club.
Casting: Call Imp (safe; 1% risk of failure)
Confirm with . or Enter, or press ? or * to list all spells.
You hear a shout! x2
A goblin comes into view. It is wielding a +0 club.
The goblin shoots a stone.
The stone misses you. The goblin hits you with a +0 club.
* * * LOW HITPOINT WARNING * * *
The goblin unwields a +0 hunting sling.
The goblin barely misses your hound.
You aren't carrying any potions.
Okay, then.
Your hound closely misses the goblin.
The goblin hits you with a +0 club.
* * * LOW HITPOINT WARNING * * *
Unknown command.
Your hound bites the goblin.
The goblin dies!
The goblin shoots a stone.
The stone hits you.
* * * LOW HITPOINT WARNING * * *
Your hound completely misses the goblin.
The goblin wields a +0 hunting sling.
The goblin shoots a stone.
The stone closely misses you.
Your hound bites the goblin.
The goblin dies!
Casting: Call Canine Familiar (dangerous; 2% risk of failure)
Confirm with . or Enter, or press ? or * to list all spells.
A beastly little devil appears in a puff of flame.
The hobgoblin hits you with a +0 club.
You die...

#############
#............
#.)..@.......
#+##.h.g5.......
#......########.
#..g...# #.gg...#
#'##.... #. #.....
≈≈≈≈≈≈≈# #......
≈≈≈≈≈≈≈#
######################


You could see a hobgoblin (ally target), 3 goblins, a friendly hound (summoned)
and a friendly crimson imp (summoned).

Vanquished Creatures
  A water moccasin (D:3)
  An orc (D:3)
  2 endoplasms (D:1)
  3 giant cockroaches (D:1)
  3 goblins
  A hobgoblin (D:1)
  2 quokkas
  A ball python (D:1)
  2 frilled lizards (D:1)
  2 kobolds (D:1)
18 creatures vanquished.

Vanquished Creatures (collateral kills)
  An orc wizard (D:3)
  4 gnolls (D:2)
  2 adders (D:2)
  A worm (D:3)
  3 dart slugs
  An orc (D:3)
  A bat (D:2)
  2 endoplasms (D:2)
  A giant cockroach (D:1)
  6 goblins
  4 hobgoblins
  4 kobolds
  A frilled lizard (D:3)
31 creatures vanquished.

Grand Total: 49 creatures vanquished

Notes
Turn   | Place    | Note
-------+----------+-------------------------------------------
     0 | D:1      | zeram the Gnoll Summoner began the quest for the Orb.
     0 | D:1      | Reached XP level 1. HP: 13/13 MP: 6/6
   490 | D:1      | Reached XP level 2. HP: 19/19 MP: 7/7
   522 | D:1      | Got the Disquisition on Lethal Clay
   526 | D:1      | Learned a level 2 spell: Call Imp
  1253 | D:1      | Found a faded altar of an unknown god.
  1422 | D:2      | Reached XP level 3. HP: 13/25 MP: 5/9
  1428 | D:2      | Learned a level 3 spell: Call Canine Familiar
  1624 | D:2      | Reached skill level 5 in Spellcasting
  1828 | D:2      | Reached skill level 1 in Invocations
  1843 | D:2      | Reached skill level 1 in Fighting
  1843 | D:2      | Reached skill level 1 in Short Blades
  1843 | D:2      | Reached skill level 1 in Long Blades
  1843 | D:2      | Reached skill level 1 in Axes
  1843 | D:2      | Reached skill level 1 in Maces & Flails
  1843 | D:2      | Reached skill level 1 in Polearms
  1843 | D:2      | Reached skill level 1 in Staves
  1843 | D:2      | Reached skill level 1 in Slings
  1843 | D:2      | Reached skill level 1 in Bows
  1843 | D:2      | Reached skill level 1 in Crossbows
  1843 | D:2      | Reached skill level 1 in Throwing
  1843 | D:2      | Reached skill level 1 in Armour
  1843 | D:2      | Reached skill level 1 in Shields
  1843 | D:2      | Reached skill level 1 in Unarmed Combat
  1843 | D:2      | Reached skill level 1 in Evocations
  2022 | D:2      | Reached XP level 4. HP: 26/32 MP: 8/11
  2212 | D:2      | Found a shimmering blue altar of Sif Muna.
  2665 | D:3      | Noticed a water moccasin
  2744 | D:3      | Killed a water moccasin
  2745 | D:3      | Reached skill level 1 in Conjurations
  2745 | D:3      | Reached skill level 1 in Hexes
  2745 | D:3      | Reached skill level 1 in Necromancy
  2745 | D:3      | Reached skill level 1 in Translocations
  2745 | D:3      | Reached skill level 1 in Transmutations
  2745 | D:3      | Reached skill level 1 in Fire Magic
  2745 | D:3      | Reached skill level 1 in Ice Magic
  2745 | D:3      | Reached skill level 1 in Air Magic
  2745 | D:3      | Reached skill level 1 in Earth Magic
  2745 | D:3      | Reached skill level 1 in Poison Magic
  2745 | D:3      | Reached XP level 5. HP: 8/37 MP: 1/12
  2985 | D:3      | Learned a level 3 spell: Vampiric Draining
  3100 | D:3      | Noticed an orc warrior
  3122 | D:3      | HP: 1/37 [goblin/stone (3)]
  3124 | D:3      | Slain by a hobgoblin

Illustrated notes

Levels and vault maps discovered:
D:1:      lemuel_arrival_broad_hall, layout_loops_cross, basic_ecumenical_altar
D:2:      layout_rooms, basic_altar
D:3:      minmay_goblin_kobold_castle, layout_basic

Skill      XL: |  1  2  3  4 |
---------------+-------------+-----
Spellcasting   | 5 |  5.2
Invocations    | 1 |  1.6
Fighting       | 1 |  1.4
Short Blades   | 1 |  1.4
Long Blades    | 1 |  1.4
Axes           | 1 |  1.4
Maces & Flails | 1 |  1.4
Polearms       | 1 |  1.4
Staves         | 1 |  1.4
Slings         | 1 |  1.4
Bows           | 1 |  1.4
Crossbows      | 1 |  1.4
Throwing       | 1 |  1.4
Armour         | 1 |  1.4
Shields        | 1 |  1.4
Unarmed Combat | 1 |  1.4
Evocations     | 1 |  1.4
Conjurations   | 1 |  1.1
Hexes          | 1 |  1.1
Necromancy     | 1 |  1.1
Translocations | 1 |  1.1
Transmutations | 1 |  1.1
Fire Magic     | 1 |  1.1
Ice Magic      | 1 |  1.1
Air Magic      | 1 |  1.1
Earth Magic    | 1 |  1.1
Poison Magic   | 1 |  1.1
Dodging        | |  4.8
Stealth        | |  4.4
Summonings     | |  7.2

Action                   |  1- 3 |  4- 6 || total
-------------------------+-------+-------++-------
Melee: Short sword       |    91 |       ||    91
       Unarmed           |     8 |       ||     8
       Bite              |     8 |     1 ||     9
       Punch             |     2 |       ||     2
       Flail             |       |     8 ||     8
 Cast: Summon Small Mamm |    15 |     1 ||    16
       Call Imp          |     9 |    19 ||    28
       Call Canine Famil |       |     5 ||     5
  Use: Scroll            |     2 |     4 ||     6
       Potion            |     1 |     1 ||     2
 Stab: Sleeping          |     3 |       ||     3
Armor: Robe              |    20 |     1 ||    21
Dodge: Dodged            |    66 |    15 ||    81
